 Dungeon Crawl Stone Soup version 0.21-a0-442-g848f44b (webtiles) character file.

67 theanonym the Poker (level 3, -1/29 HPs)
             Began as a Demonspawn Fighter on Nov 12, 2017.
             Slain by Grinder (5 damage)
             ... on level 3 of the Dungeon.
             The game lasted 00:01:38 (1475 turns).

theanonym the Poker (Demonspawn Fighter)            Turns: 1475, Time: 00:01:38

Health: -1/29      AC:  6    Str: 21    XL:     3   Next: 98%
Magic:  3/3        EV:  7    Int: 10    God:
Gold:   89         SH:  9    Dex: 12    Spells: 2/2 levels left

rFire    . . .     SeeInvis .   a - +0 trident
rCold    . . .     Gourm    .   c - +0 shield
rNeg     . . .     Faith    .   b - +0 scale mail
rPois    .         Spirit   .   (no helmet)
rElec    .         Reflect  .   (no cloak)
rCorr    .         Harm     .   (no gloves)
MR       .....                  (no boots)
Stlth    +.........             (no amulet)
HPRegen  0.09/turn              (no ring)
MPRegen  0.08/turn              (no ring)

@: mighty
A: hooves 1, nightstalker 1
a: no special abilities


Innate Abilities, Weirdness & Mutations

You have large cloven feet.
You are slightly more attuned to the shadows.


   Skills:
 - Level 3.0 Fighting
 + Level 3.9 Polearms
 - Level 2.6 Armour
 - Level 2.6 Shields


You had 2 spell levels left.
You didn't know any spells.

Skill      XL: |  1  2 |
---------------+-------+-----
Polearms       | 2 3 |  3.9
Fighting       | |  3.0
Armour         | |  2.6
Shields        | |  2.6

Action                   || total
-------------------------++-------
Melee: Trident           ||    98
       Kick              ||     4
  Use: Potion            ||     1
  Eat: Chunk             ||     2
Armor: Scale mail        ||    42
Dodge: Dodged            ||    28
Block: Shield            ||    48

Inventory:

Hand Weapons
 a - a +0 trident (weapon)
Armour
 b - a +0 scale mail (worn)
 c - a +0 shield (worn)
 r - a +0 helmet
   (You found it on level 2 of the Dungeon)
Jewellery
 e - an uncursed amulet of regeneration {unknown}
   (You found it on level 1 of the Dungeon)
Scrolls
 i - 2 scrolls of remove curse {unknown}
 j - 2 scrolls of recharging {unknown}
 k - 3 scrolls of identify {unknown}
 l - a scroll of noise {unknown}
 m - 2 scrolls of immolation {unknown}
 o - a scroll of fear {unknown}
 p - a scroll of enchant armour {unknown}
 u - a scroll of magic mapping {unknown}
Potions
 g - 3 potions of curing {unknown}
 n - 2 potions of agility {unknown}
 q - a potion of degeneration {unknown}
Comestibles
 f - 4 bread rations
 h - a meat ration
 s - a royal jelly
 t - 4 chunks of flesh

Dungeon Overview and Level Annotations

Branches:
Dungeon (3/15)

Altars:
Gozag
Sif Muna

Annotations:
D:3 Grinder


You were on level 3 of the Dungeon.
You were not hungry.

You visited 1 branch of the dungeon, and saw 3 of its levels.

You collected 89 gold pieces.


Message History

The hobgoblin shouts!
Found three items.
There is a stone staircase leading up here.
A hobgoblin is nearby!
You closely miss the hobgoblin.
The hobgoblin hits you but does no damage.
You hit the hobgoblin.
The hobgoblin hits you but does no damage.
You hit the hobgoblin.
You kill the hobgoblin!
You are feeling hungry.
A hound comes into view.
The hound barks!
A dart slug comes into view.
You closely miss the hound. Your kick misses the hound.
The hound barely misses you. The hound bites you but does no damage.
There are monsters nearby!
You closely miss the hound. Your kick misses the hound.
The hound bites you but does no damage. The hound barely misses you.
You hit the hound. Your kick misses the hound.
The hound bites you but does no damage. x2
You hit the hound. The hound bites you. The hound bites you but does no damage.
You take 4 damage, and have 25/29 hp.
You puncture the hound!
You kill the hound!
The dart slug launches a dart at you. The slug dart hits you!
You take 1 damage, and have 24/29 hp.
You hit the dart slug.
The dart slug bites you but does no damage.
Your shield and scale mail prevent you from hitting the dart slug.
You kick the dart slug. You block the dart slug's attack.
You hit the dart slug but do no damage. You kick the dart slug.
You hit the dart slug.
You kill the dart slug!
No target in view!
You butcher the hobgoblin corpse.
t - 3 chunks of flesh You see here a hobgoblin skeleton. x2
Eating one of 3 chunks of flesh.
You eat one of the 3 chunks of flesh.
You butcher the dart slug corpse.
t - 4 chunks of flesh (gained 2)
f - 4 bread rations (gained 1)
You see here a hobgoblin skeleton.
n - 2 emerald potions (gained 1)
There is a stone staircase leading up here.
u - a scroll labeled WILAREXTAOWE You regained 2 hp, and now have 26/29 hp.
You start resting.
Health restored: 29
Found 18 arrows.
A hobgoblin comes into view. It is wielding a club.
The hobgoblin shouts!
Found 10 arrows.
A hobgoblin is nearby!
You hit the hobgoblin.
You kick the hobgoblin, but do no damage.
The hobgoblin closely misses you.
You puncture the hobgoblin!
You kill the hobgoblin!
No target in view!
An orc comes into view. It is wielding a flail.
The orc shouts!
An orc is nearby!
An orc is nearby!
An orc is nearby!
Found an encrusted wooden ring.
You puncture the orc!
You kill the orc!
No target in view!
No target in view!
Grinder comes into view.
Grinder shouts!
Grinder gestures at you.
You suddenly lose the ability to move!
Grinder gestures at you.
You shrug off the repeated paralysis!
You can move again.
Unknown command.
Unknown command.
Unknown command.
Unknown command.
Unknown command.
Unknown command.
Unknown command.
Unknown command.
You barely miss Grinder. Your kick misses Grinder. You block Grinder's attack.
You hit Grinder. Grinder hits you.
You take 6 damage, and have 23/29 hp.
MASSIVE DAMAGE!!
You feel very mighty all of a sudden. Grinder hits you.
You writhe in agony.
You take 8 damage, and have 15/29 hp.
MASSIVE DAMAGE!!
You closely miss Grinder. Your kick misses Grinder. You block Grinder's attack.
You puncture Grinder! Your kick misses Grinder. Grinder hits you!
* * * LOW HITPOINT WARNING * * *
You take 8 damage, and have 7/29 hp.
MASSIVE DAMAGE!!
You barely miss Grinder. Your kick misses Grinder. Grinder hits you.
* * * LOW HITPOINT WARNING * * *
You writhe in agony.
You die...

#######.(..#.#....#.
#..........#.####.#.
#.......).........#.
#....(.......###....
########.........####
#.###
#....)...######### #.
..........# ##
#.........#######
..........@5.....
#..........#####.
........##.#
#.......##.=
...........# ......
.... ... ....#


You could see Grinder.

Notes
Turn   | Place    | Note
-------+----------+-------------------------------------------
     0 | D:1      | theanonym the Demonspawn Fighter began the quest for the Orb.
     0 | D:1      | Reached XP level 1. HP: 18/18 MP: 1/1
   161 | D:1      | Reached skill level 2 in Polearms
   226 | D:1      | Gained mutation: You are slightly more attuned to the shadows. [demonic ancestry]
   226 | D:1      | Reached XP level 2. HP: 24/24 MP: 2/2
   986 | D:2      | Reached skill level 3 in Polearms
  1017 | D:2      | Gained mutation: You have large cloven feet. [demonic ancestry]
  1017 | D:2      | Reached XP level 3. HP: 29/29 MP: 3/3
  1019 | D:2      | Found a deep blue altar of Sif Muna.
  1109 | D:2      | Found an opulent altar of Gozag.
  1465 | D:3      | Noticed Grinder
  1466 | D:3      | Paralysed by Grinder for 4 turns
  1474 | D:3      | HP: 7/29 [Grinder (8)]
  1475 | D:3      | Slain by Grinder

Vanquished Creatures
  A hound (D:3)
  An ooze (D:2)
  A dart slug (D:3)
  An orc (D:3)
  2 giant cockroaches
  5 goblins
  5 hobgoblins
  2 jackals (D:2)
  5 bats
  3 frilled lizards (D:1)
  A kobold (D:1)
  3 rats (D:1)
30 creatures vanquished.
